 Dungeon Crawl Stone Soup version 0.30-a0-847-g17996783a1 (webtiles) character file.

Game seed: 12166415557442540902

299 Maxmaps the Skirmisher (level 6, -1/51 HPs)
             Began as a Gnoll Hunter on Mar 4, 2023.
             Slain by a river rat (7 damage)
             ... on level 3 of the Dungeon.
             The game lasted 00:02:46 (2124 turns).

Maxmaps the Skirmisher (Gnoll Hunter)               Turns: 2124, Time: 00:02:47

Health: -1/51      AC: 10    Str: 11    XL:     6   Next: 36%
Magic:  9/9        EV:  6    Int: 10    God:
Gold:   129        SH:  0    Dex: 15    Spells: 9/9 levels left

rFire   . . .      SeeInvis .    a - +0 shortbow
rCold   . . .      Faith    .    (shield currently unavailable)
rNeg    . . .      Spirit   .    u - +0 chain mail
rPois   .          Reflect  .    (no helmet)
rElec   .          Rampage  .    s - +1 cloak
rCorr   +                        (no gloves)
Will    .....                    (no boots) Stlth
                                 (no amulet)
HPRegen 0.28/turn                j - ring of resist corrosion
MPRegen 0.11/turn                c - ring of flight

@: flying
A: fangs 1, strong nose, distributed training
a: no special abilities


You were on level 3 of the Dungeon.
You visited 1 branch of the dungeon, and saw 3 of its levels.

You collected 129 gold pieces.

Inventory:

Hand Weapons
 a - a +0 shortbow (weapon)
 q - a +2 falchion of electrocution
Armour
 s - a +1 cloak (worn)
 u - a +0 chain mail (worn)
Jewellery
 c - a ring of flight (right hand)
 j - a ring of resist corrosion (left hand)
Wands
 y - a wand of mindburst (17)
Scrolls
 b - a scroll of immolation
 e - 2 scrolls of teleportation {unknown}
 f - 4 scrolls of identify {unknown}
 h - a scroll of enchant weapon {unknown}
 n - a scroll of poison {unknown}
 p - 4 scrolls of vulnerability {unknown}
 r - a scroll of enchant armour {unknown}
 w - a scroll of noise {unknown}
 z - a scroll of silence {unknown}
Potions
 d - a potion of degeneration {unknown}
 g - 7 potions of curing {unknown}
 i - a potion of invisibility {unknown}
 k - a potion of haste {unknown}
 l - a potion of resistance {unknown}
 m - 2 potions of flight {unknown}
 o - a potion of magic {unknown}
 t - 2 potions of heal wounds {unknown}
 v - a potion of mutation {unknown}
 x - a potion of attraction {unknown}
 A - a potion of lignification {unknown}


   Skills:
 + Level 5.0 Fighting
 + Level 2.0 Short Blades
 + Level 2.0 Long Blades
 + Level 2.0 Axes
 + Level 2.0 Maces & Flails
 + Level 2.0 Polearms
 + Level 2.0 Staves
 + Level 8.8 Ranged Weapons
 + Level 2.0 Throwing
 + Level 2.0 Armour
 + Level 5.0 Dodging
 + Level 3.1 Stealth
 + Level 2.0 Shields
 + Level 2.0 Unarmed Combat
 + Level 2.0 Spellcasting
 + Level 1.6 Conjurations
 + Level 1.6 Hexes
 + Level 1.6 Summonings
 + Level 1.6 Necromancy
 + Level 1.6 Translocations
 + Level 1.6 Transmutations
 + Level 1.6 Fire Magic
 + Level 1.6 Ice Magic
 + Level 1.6 Air Magic
 + Level 1.6 Earth Magic
 + Level 1.6 Poison Magic
 + Level 2.2 Invocations
 + Level 2.0 Evocations


You had 9 spell levels left.
You didn't know any spells.
Your spell library contained the following spells:

 Spells                   Type           Power      Damage    Failure   Level
 Lesser Beckoning         Tloc           8%         N/A       100%        2
 Dazzling Flash           Conj/Hex       8%         N/A       100%        3
 Gell's Gravitas          Tloc           4%         N/A       100%        3
 Teleport Other           Tloc           4%         N/A       100%        3
 Iskenderun's Mystic Bla  Conj/Tloc      4%         2d3       100%        4
 Starburst                Conj/Fire      2%         6d3       100%        6


Dungeon Overview and Level Annotations

Branches:
Dungeon (3/15)

Altars:
Wu Jian

Portals:
Sewer: D:3


Innate Abilities, Weirdness & Mutations

You have very sharp teeth.
Your uncanny sense of smell can sniff out nearby items.
Your experience applies equally to all skills.


Message History

The river rat barely misses you. The river rat bites you.
You shoot an arrow. The arrow hits the river rat.
The river rat is almost dead.
The river rat bites you.
The river rat bites you but does no damage.
The river rat bites you. The river rat bites you!
You are too injured to fight recklessly!
You are too injured to fight recklessly!
You are too injured to fight recklessly!
You are too injured to fight recklessly!
You are too injured to fight recklessly!
Fire: a) +0 shortbow
Press: ? - help, Q - select action, (/) - cycle Shift-Dir - straight line, f/p - river rat
Aim: a river rat (almost dead, 62% to hit)
You shoot an arrow.
The arrow hits the river rat but does no damage.
The river rat is almost dead.
The river rat closely misses you. The river rat bites you. x2
* * * LOW HITPOINT WARNING * * *
The river rat barely misses you.
Unknown command.
Fire: a) +0 shortbow
Press: ? - help, Q - select action, (/) - cycle Shift-Dir - straight line, f/p - river rat
Aim: a river rat (almost dead, 62% to hit)
You shoot an arrow.
The arrow hits the river rat but does no damage.
The river rat is almost dead.
The river rat bites you.
* * * LOW HITPOINT WARNING * * *
The river rat bites you.
* * * LOW HITPOINT WARNING * * *
Fire: a) +0 shortbow
Press: ? - help, Q - select action, (/) - cycle Shift-Dir - straight line, f/p - river rat
Aim: a river rat (almost dead, 62% to hit)
You shoot an arrow. The arrow hits the river rat.
You kill the river rat!
The river rat bites you.
* * * LOW HITPOINT WARNING * * *
The river rat bites you!
You die...

# ##### #∩ ~†.######
#~~ #......# #~~~
#......### #~~..
#........#
#.....#r.......# ##
#.†w@###....# #.
###### #....# ######.
#....###....#.
#....'.+....+.
#....###....#.
########....#######..
#....................
#.###.#############.#
#>...............


You could see a worm and a river rat.

Vanquished Creatures
  Sigmund (D:2)
  Terence (D:2)
  2 adders
  2 river rats (D:3)
  An ufetubus (D:3)
  A worm (D:3)
  4 dart slugs
  2 orcs (D:3)
  9 ball pythons
  4 bats
  5 endoplasms
  9 giant cockroaches
  4 goblins
  6 hobgoblins
  4 jackals (D:1)
  A quokka (D:2)
  3 frilled lizards
  5 kobolds
  5 rats
69 creatures vanquished.

Notes
Turn   | Place    | Note
-------+----------+-------------------------------------------
     0 | D:1      | Maxmaps the Gnoll Hunter began the quest for the Orb.
     0 | D:1      | Reached XP level 1. HP: 20/20 MP: 1/1
   111 | D:1      | Reached XP level 2. HP: 26/26 MP: 2/2
   278 | D:1      | Reached XP level 3. HP: 31/31 MP: 3/3
   773 | D:1      | Reached skill level 1 in Invocations
   931 | D:2      | Noticed Terence
   936 | D:2      | Killed Terence
   937 | D:2      | Reached skill level 1 in Short Blades
   937 | D:2      | Reached skill level 1 in Long Blades
   937 | D:2      | Reached skill level 1 in Axes
   937 | D:2      | Reached skill level 1 in Maces & Flails
   937 | D:2      | Reached skill level 1 in Polearms
   937 | D:2      | Reached skill level 1 in Staves
   937 | D:2      | Reached skill level 1 in Throwing
   937 | D:2      | Reached skill level 1 in Armour
   937 | D:2      | Reached skill level 1 in Shields
   937 | D:2      | Reached skill level 1 in Unarmed Combat
   937 | D:2      | Reached skill level 1 in Spellcasting
   937 | D:2      | Reached skill level 1 in Evocations
   937 | D:2      | Reached XP level 4. HP: 30/38 MP: 5/5
  1110 | D:2      | Reached skill level 1 in Conjurations
  1110 | D:2      | Reached skill level 1 in Hexes
  1110 | D:2      | Reached skill level 1 in Summonings
  1110 | D:2      | Reached skill level 1 in Necromancy
  1110 | D:2      | Reached skill level 1 in Translocations
  1110 | D:2      | Reached skill level 1 in Transmutations
  1110 | D:2      | Reached skill level 1 in Fire Magic
  1110 | D:2      | Reached skill level 1 in Ice Magic
  1110 | D:2      | Reached skill level 1 in Air Magic
  1110 | D:2      | Reached skill level 1 in Earth Magic
  1110 | D:2      | Reached skill level 1 in Poison Magic
  1192 | D:2      | Noticed Sigmund
  1245 | D:2      | Killed Sigmund
  1246 | D:2      | Reached XP level 5. HP: 14/43 MP: 5/7
  1246 | D:2      | Reached XP level 6. HP: 16/50 MP: 5/8
  1497 | D:3      | Found an ornate altar of the Wu Jian Council.
  1786 | D:3      | Identified the +5 whip of Conversion {vamp, rElec}
  1867 | D:3      | Reached skill level 5 in Fighting
  1867 | D:3      | Reached skill level 5 in Dodging
  2107 | D:3      | Found a glowing drain.
  2124 | D:3      | Slain by a river rat

Illustrated notes

Levels and vault maps discovered:
D:1:      elethiomel_arrival_quiet, layout_basic
D:2:      layout_rooms, uniq_sigmund, uniq_terence
D:3:      minmay_bubble_buster, layout_basic, old_standard_altar,
          lemuel_round_altar, portal_sewer_entry_b, minmay_misc_feat_square

Skill      XL: |  1  2  3  4  5  6 |
---------------+-------------------+-----
Invocations    | 1 2 |  2.2
Short Blades   | 1 2 |  2.0
Long Blades    | 1 2 |  2.0
Axes           | 1 2 |  2.0
Maces & Flails | 1 2 |  2.0
Polearms       | 1 2 |  2.0
Staves         | 1 2 |  2.0
Throwing       | 1 2 |  2.0
Armour         | 1 2 |  2.0
Shields        | 1 2 |  2.0
Unarmed Combat | 1 2 |  2.0
Spellcasting   | 1 2 |  2.0
Evocations     | 1 2 |  2.0
Conjurations   | 1 |  1.6
Hexes          | 1 |  1.6
Summonings     | 1 |  1.6
Necromancy     | 1 |  1.6
Translocations | 1 |  1.6
Transmutations | 1 |  1.6
Fire Magic     | 1 |  1.6
Ice Magic      | 1 |  1.6
Air Magic      | 1 |  1.6
Earth Magic    | 1 |  1.6
Poison Magic   | 1 |  1.6
Stealth        | 3 |  3.1
Fighting       | 5 |  5.0
Dodging        | 5 |  5.0
Ranged Weapons | |  8.8

Action                     |  1- 3 |  4- 6 || total
---------------------------+-------+-------++-------
   Fire: Shortbow          |    92 |   107 ||   199
 Armour: Leather armour    |     7 |       ||     7
         Chain mail        |       |    47 ||    47
  Dodge: Dodged            |    23 |    22 ||    45

Table legend: (Time is in decaauts)
 A = Elapsed time spent in this place.
 B = Non-inter-level travel time spent in this place.
 C = Inter-level travel time spent in this place.
 D = Time resting spent in this place.
 E = Time spent auto-exploring this place.
 F = Levels seen in this place.
 G = Mean time per level.
                   A        B        C        D        E       F      G
               +--------+--------+--------+--------+--------+-----+--------+
         Total |   2207 |   2164 |     43 |    119 |   1562 |   3 |  735.7 |
       Dungeon |   2207 |   2164 |     43 |    119 |   1562 |   3 |  735.7 |
               +--------+--------+--------+--------+--------+-----+--------+

Top non-repeatable levels by time:
     D:1: 854 daAuts
     D:3: 691 daAuts
     D:2: 661 daAuts
